cohdb
Replays
Latest Replays
All Replays
Popular Replays
Top Player Replays
Match Explorer
How It Works
Community
CoH3 Stats
Reddit
Sign in to upload your games and track your stats! →
Sign in with Steam
Match 41390241
Unlisted
Match 41390241
Overview
Messages
Build Orders
End
Construct Section Command Post
Vickers Machine Gun Team
Infantry Section
Grenade Package
Infantry Section
Selects Canadian Shock Battlegroup
Selects Canadian Shock Battlegroup
Selects Attacking Spirit
Selects Canadian Shock Section
Royal Engineer Section
Canadian Shock Section
Construct Platoon Command Post
Selects Incendiary Munitions
Construct Field Infirmary
Infantry Training
Selects Pyrotechnics
6-pounder Anti-tank Gun Team
Royal Engineer Section
Vickers Machine Gun Team
Team Weapon Training
6-pounder Anti-tank Gun Team
Selects Churchill Crocodile Heavy Tank
Churchill Crocodile Heavy Tank
Logan5
Silverstatic
カルト_くん
Funky Ayylien
0
0
Comments
sign in to comment!
No comments posted yet!